 Dungeon Crawl Stone Soup version 0.20.1-1-g8b1a95d (webtiles) character file.

20503 Jubilex the Thaumaturge (level 12, 0/69 HPs)
             Began as a Deep Elf Air Elementalist on Nov 17, 2017.
             Was a High Priest of Sif Muna.
             Slain by an unseen horror (shapeshifter) (3 damage)
             ... on level 13 of the Dungeon on Nov 20, 2017.
             The game lasted 01:42:12 (18020 turns).

Jubilex the Thaumaturge (DEAE)                     Turns: 18020, Time: 01:42:12

Health: 0/69       AC: 10    Str:  5    XL:     12   Next: 45%
Magic:  4/39       EV: 16    Int: 31    God:    Sif Muna [*****.]
Gold:   902        SH:  5    Dex: 15    Spells: 12/35 levels left

rFire    . . .     SeeInvis .   Q - staff of air
rCold    . . .     Gourm    .   (no shield)
rNeg     . . .     Faith    .   p - +3 robe of Folly {Archmagi, MR-- Int+5}
rPois    .         Spirit   .   f - +0 helmet
rElec    +         Reflect  +   N - +1 cloak
rCorr    .         Harm     .   w - +0 pair of gloves
MR       .....                  g - +0 pair of boots
Stlth    ++........             i - +5 amulet of reflection
Regen    0.3/turn               s - ring of magical power
MPRegen  0.3/turn               (no ring)

@: hasted, divine energy, very quick
A: no striking features
a: Stop Divine Energy, Channel Magic, Forget Spell, Renounce Religion


You were on level 13 of the Dungeon.
You worshipped Sif Muna.
Sif Muna was extremely pleased with you.
You were hungry.

You visited 1 branch of the dungeon, and saw 13 of its levels.

You collected 902 gold pieces.

Inventory:

Hand Weapons
 A - a +0 whip of venom
Armour
 a - a +0 robe
 f - a +0 helmet (worn)
 g - a +0 pair of boots (worn)
 o - a +0 robe
 p - the +3 robe of Folly (worn) {Archmagi, MR-- Int+5}
   (You found it on level 11 of the Dungeon)

   It affects your intelligence (+5).
   It affects your resistance to hostile enchantments.
 w - a +0 pair of gloves (worn)
 F - a +0 cloak
 N - a +1 cloak (worn)
 V - a +0 troll leather armour
 X - a +0 robe of magic resistance
Magical Staves
 Q - an uncursed staff of air (weapon)
Jewellery
 i - a +5 amulet of reflection (around neck)
 s - a ring of magical power (left hand)
Wands
 u - a wand of lightning (9/15)
 y - a wand of iceblast (8/15)
 E - a wand of acid (8/15)
 I - a wand of disintegration (0/24)
 M - a wand of digging (12/24)
 O - a wand of flame (32/48)
 U - a wand of disintegration (15/24)
Scrolls
 h - a scroll of immolation {unknown}
 k - 9 scrolls of teleportation
 m - 6 scrolls of remove curse
 r - a scroll of fear
 v - a scroll of magic mapping {unknown}
 D - a scroll of fog {unknown}
 H - a scroll of brand weapon
 J - 2 scrolls of enchant weapon
 P - a scroll of recharging
 R - 2 scrolls of amnesia
Potions
 d - 2 potions of haste
 e - a potion of heal wounds {unknown}
 l - 2 potions of flight {unknown}
 n - 3 potions of resistance {unknown}
 x - 3 potions of might
 z - a potion of degeneration {unknown}
 C - 3 potions of invisibility {unknown}
 G - 2 potions of lignification {unknown}
 K - 2 potions of ambrosia {unknown}
 L - 2 potions of agility {unknown}
 S - 2 potions of cancellation {unknown}
 W - a potion of mutation {unknown}
Books
 b - a book of Air

   Spells                             Type                      Level
   a - Shock                          Conjuration/Air              1
   b - Swiftness                      Charms/Air                   2
   c - Static Discharge               Conjuration/Air              3
   d - Airstrike                      Air                          4
   e - Lightning Bolt                 Conjuration/Air              5
 T - a book of Minor Magic

   Spells                             Type                      Level
   a - Magic Dart                     Conjuration                  1
   b - Blink                          Translocation                2
   c - Call Imp                       Summoning                    2
   d - Slow                           Hexes                        2
   e - Conjure Flame                  Conjuration/Fire             3
   f - Mephitic Cloud                 Conjuration/Poison/Air       3
 Z - Sif Muna's Handbook of Confrontation and Translocation
   (Sif Muna gifted it to you on level 13 of the Dungeon)

   Spells                             Type                      Level
   a - Teleport Other                 Translocation                3
   b - Conjure Ball Lightning         Conjuration/Air              6
   c - Orb of Destruction             Conjuration                  7
Comestibles
 c - 7 bread rations
 q - 6 royal jellies
 t - 5 meat rations
 B - 34 fruits


   Skills:
 + Level 5.9 Fighting
 - Level 3.1 Armour
 + Level 6.7 Dodging
 - Level 2.4 Stealth
 + Level 12.0 Spellcasting
 + Level 7.9 Conjurations
 * Level 7.7 Charms
 + Level 1.9 Translocations
 + Level 11.5 Air Magic
 + Level 2.5 Poison Magic
 - Level 2.4 Invocations
 + Level 6.8 Evocations


You had 12 spell levels left.
You knew the following spells:

 Your Spells              Type           Power        Failure   Level  Hunger
a - Shock                 Conj/Air       ####         1%          1    None
b - Airstrike             Air            ########..   1%          4    None
c - Lightning Bolt        Conj/Air       ########..   1%          5    ##.....
d - Conjure Ball Lightni  Conj/Air       ########..   8%          6    ####...
e - Mephitic Cloud        Conj/Pois/Air  #######.     1%          3    None
j - Swiftness             Chrm/Air       ########     1%          2    None
k - Blink                 Tloc           N/A          1%          2    None


Dungeon Overview and Level Annotations

Branches:
Dungeon (13/15)            Temple (0/1) D:6            Lair (0/6) D:10
    Orc (0/2) D:11
 Vaults: D:13-14

Altars:
Cheibriados
Fedhas
Gozag
Hepliaklqana
Nemelex Xobeh
Qazlal
Sif Muna
Trog
Uskayaw
Vehumet
Xom
The Shining One

Shops:
D:13 %

Annotations:
D:6 Edmund
D:9 exclusion: ice statue


Message History

You see here a hydra corpse.
Something hits you!
* * * LOW HITPOINT WARNING * * *
You feel yourself speed up. Something hits you.
* * * LOW HITPOINT WARNING * * *
Something barely misses you. Something hits you but does no damage.
You see here 13 stones.
Something hits you but does no damage. Something hits you.
* * * LOW HITPOINT WARNING * * *
You feel better. Something hits you!
* * * LOW HITPOINT WARNING * * *
Something hits you but does no damage. Something hits you but does no damage.
Something hits you but does no damage.
You feel better. Something hits you.
* * * LOW HITPOINT WARNING * * *
Something hits you.
You die...

.#########.###.#..#
..# #.#...# #....#
..+ #...### ###..#
..# ##..#####....#
#### #............#
##.# #########....#
...# #....# ####
######....# ....
#########.......@.#
#p.#
....∩.....####....#
#§.# ###########
####.# #..# #.#
#k.# #(# #..#
#p#######..#
#.†..p..)).#
############


You could see a human.

Vanquished Creatures
  A tengu reaver (D:13)
  A hydra (D:13)
  5 two-headed ogres
  Urug (D:12)
  2 unseen horrors
  A deep elf mage (D:13)
  An oklob plant (D:5)
  A cyclops (D:12)
  Maurice (D:10)
  A gargoyle (D:13)
  A komodo dragon (D:11)
  An ice devil (D:9)
  A troll (D:13)
  A jumping spider (shapeshifter) (D:13)
  Prince Ribbit (D:7)
  3 slime creatures (D:11)
  2 hippogriffs
  Sigmund (D:6)
  A shadow (D:13)
  2 wyverns
  6 yaks
  A basilisk (D:9)
  A steam dragon (D:10)
  2 vampire mosquitoes (D:13)
  A soldier ant (D:13)
  An acid dragon (D:13)
  Duvessa (D:6)
  7 orc warriors
  3 ice beasts
  4 phantoms
  2 sky beasts
  2 black bears
  An eye of draining (D:12)
  2 necrophages
  9 ogres
  6 centaurs
  5 big kobolds
  5 crocodiles
  8 bullfrogs
  2 wyvern zombies (D:9)
  Dowan (D:6)
  3 scorpions
  3 killer bees (D:10)
  3 wights (D:7)
  2 howler monkeys
  7 crimson imps
  A bullfrog zombie (D:11)
  2 quasits
  16 orc wizards
  5 hounds
  3 jellies
  17 orc priests
  Crazy Yiuf (D:7)
  5 bullfrog skeletons
  A centaur skeleton (D:6)
  6 iguanas
  9 worker ants
  A hound skeleton (D:7)
  3 howler monkey skeletons
  2 worker ant zombies
  6 gnolls (D:8)
  13 adders
  5 shadow imps
  2 ufetubi (D:9)
  An ooze (D:1)
  An adder zombie (D:6)
  3 adder skeletons
  2 worms (D:2)
  2 dart slugs
  8 leopard geckos
  57 orcs
  7 bats
  7 giant cockroaches
  3 goblins (D:3)
  6 hobgoblins
  3 jackals (D:1)
  24 kobolds
  7 quokkas
  A ball python (D:2)
  9 frilled lizards
  8 rats
  A bush (D:7)
  3 fungi (D:5)
  A plant (D:5)
369 creatures vanquished.

Vanquished Creatures (others)
  2 ball lightnings (D:13)
  An orc (D:12)
3 creatures vanquished.

Grand Total: 372 creatures vanquished

Notes
Turn   | Place    | Note
-------+----------+-------------------------------------------
     0 | D:1      | Jubilex the Deep Elf Air Elementalist began the quest for the Orb.
     0 | D:1      | Reached XP level 1. HP: 10/10 MP: 6/6
     0 | D:1      | Noticed a troll
     1 | D:1      | Noticed a draconian
     1 | D:1      | Noticed a felid
     3 | D:1      | Noticed a felid
     5 | D:1      | Noticed a vampire
     6 | D:1      | Noticed a ghoul
     7 | D:1      | Noticed an octopode
     8 | D:1      | Noticed a centaur
    10 | D:1      | Noticed a dwarf
    10 | D:1      | Noticed a vampire
    12 | D:1      | Noticed a formicid
    12 | D:1      | Noticed a formicid
    13 | D:1      | Noticed a ghoul
    15 | D:1      | Noticed an elf
    15 | D:1      | Noticed a gargoyle
    17 | D:1      | Noticed a dwarf
    17 | D:1      | Noticed an elf
    21 | D:1      | Noticed an ogre
   226 | D:1      | Reached XP level 2. HP: 14/15 MP: 1/8
   735 | D:1      | Reached XP level 3. HP: 19/19 MP: 8/10
   739 | D:1      | Learned a level 2 spell: Swiftness
  1207 | D:2      | Reached skill level 4 in Spellcasting
  1467 | D:2      | Found a sparkling altar of Nemelex Xobeh.
  1685 | D:2      | Reached XP level 4. HP: 24/24 MP: 0/12
  2168 | D:3      | Found a faded altar of an unknown god.
  2991 | D:4      | Noticed an ogre
  3054 | D:4      | Reached XP level 5. HP: 28/28 MP: 10/14
  3077 | D:4      | Killed an ogre
  3077 | D:4      | Reached skill level 5 in Spellcasting
  3077 | D:4      | Reached skill level 5 in Air Magic
  3079 | D:4      | Noticed an ogre
  3102 | D:4      | Killed an ogre
  3102 | D:4      | Reached XP level 6. HP: 32/32 MP: 3/16
  3642 | D:4      | Reached skill level 6 in Spellcasting
  3731 | D:4      | Learned a level 4 spell: Airstrike
  4148 | D:4      | Reached XP level 7. HP: 36/36 MP: 4/18
  4461 | D:5      | Entered Level 5 of the Dungeon
  4720 | D:5      | Reached skill level 7 in Spellcasting
  5151 | D:5      | Found a blossoming altar of Fedhas.
  5161 | D:5      | Noticed an oklob plant
  5411 | D:5      | Found a stormy altar of Qazlal.
  5432 | D:5      | Found a bloodstained altar of Trog.
  5445 | D:5      | Found a shimmering altar of Xom.
  5445 | D:5      | Found a shimmering altar of Xom.
  5447 | D:5      | Found a snail-covered altar of Cheibriados.
  5447 | D:5      | Found a shimmering altar of Xom.
  5447 | D:5      | Found an opulent altar of Gozag.
  5540 | D:5      | Found a deep blue altar of Sif Muna.
  5543 | D:5      | Became a worshipper of Sif Muna the Loreminder
  5756 | D:5      | Killed an oklob plant
  5756 | D:5      | Reached skill level 1 in Fighting
  5756 | D:5      | Reached skill level 1 in Invocations
  5756 | D:5      | Reached XP level 8. HP: 43/43 MP: 5/21
  5805 | D:6      | Noticed Edmund
  5950 | D:6      | Noticed Sigmund
  5956 | D:6      | Killed Sigmund
  5972 | D:6      | Reached skill level 8 in Spellcasting
  6083 | D:6      | Found a hazy altar of Hepliaklqana.
  6174 | D:6      | Found a staircase to the Ecumenical Temple.
  6187 | D:6      | Reached * piety under Sif Muna
  6566 | D:6      | Noticed Duvessa
  6615 | D:6      | Noticed Dowan
  7280 | D:6      | Killed Duvessa
  7280 | D:6      | Reached skill level 1 in Armour
  7280 | D:6      | Reached skill level 1 in Evocations
  7280 | D:6      | Reached XP level 9. HP: 28/48 MP: 5/23
  7472 | D:6      | Killed Dowan
  7726 | D:7      | Noticed Prince Ribbit
  7869 | D:7      | Killed Prince Ribbit
  8208 | D:7      | Reached ** piety under Sif Muna
  8729 | D:7      | Reached skill level 9 in Spellcasting
  8786 | D:7      | Found a glowing golden altar of the Shining One.
  8997 | D:7      | Reached skill level 10 in Air Magic
  9306 | D:7      | Found a runed door.
  9310 | D:7      | Noticed Crazy Yiuf
  9312 | D:7      | Killed Crazy Yiuf
  9369 | D:8      | Noticed a two-headed ogre
  9522 | D:7      | HP: 2/51 [two-headed ogre/giant club (17)]
  9869 | D:8      | Learned a level 5 spell: Lightning Bolt
  9904 | D:8      | Found a faded altar of an unknown god.
  9904 | D:8      | Found a hide-covered altar of Uskayaw.
  9909 | D:8      | Found a bloodstained altar of Trog.
  9911 | D:8      | Found a radiant altar of Vehumet.
  9918 | D:8      | Found a faded altar of an unknown god.
 10032 | D:8      | Reached XP level 10. HP: 38/56 MP: 12/25
 10171 | D:8      | Found a shimmering altar of Xom.
 10777 | D:8      | Reached skill level 5 in Conjurations
 10952 | D:7      | Killed a two-headed ogre
 11480 | D:9      | Noticed an ice statue
 11522 | D:9      | Reached *** piety under Sif Muna
 11964 | D:9      | Reached skill level 1 in Charms
 11964 | D:9      | Reached skill level 10 in Spellcasting
 12657 | D:9      | Noticed a two-headed ogre
 12771 | D:9      | Killed a two-headed ogre
 12771 | D:9      | Reached XP level 11. HP: 51/62 MP: 10/27
 13038 | D:10     | Entered Level 10 of the Dungeon
 13698 | D:10     | Found a staircase to the Lair.
 14112 | D:10     | Noticed a two-headed ogre
 14121 | D:10     | Killed a two-headed ogre
 14121 | D:10     | Reached **** piety under Sif Muna
 14121 | D:10     | Reached skill level 5 in Evocations
 14348 | D:10     | Noticed Maurice
 14353 | D:10     | Killed Maurice
 14362 | D:10     | Reached skill level 5 in Dodging
 14975 | D:11     | Found a staircase to the Orcish Mines.
 14979 | D:11     | Killed an unseen horror
 14994 | D:11     | Reached skill level 11 in Spellcasting
 15142 | D:11     | Reached skill level 5 in Fighting
 15833 | D:12     | Reached skill level 5 in Charms
 15981 | D:12     | Noticed a two-headed ogre
 15987 | D:12     | Noticed Urug
 15990 | D:11     | Killed a two-headed ogre
 16275 | D:12     | Killed Urug
 16448 | D:12     | Learned a level 2 spell: Blink
 16452 | D:12     | Learned a level 3 spell: Mephitic Cloud
 16461 | D:12     | Noticed a two-headed ogre
 16468 | D:12     | Killed a two-headed ogre
 16704 | D:12     | Reached skill level 1 in Poison Magic
 17038 | D:13     | Reached XP level 12. HP: 68/68 MP: 13/29
 17701 | D:13     | Reached skill level 1 in Translocations
 17733 | D:13     | Reached ***** piety under Sif Muna
 17901 | D:13     | Found Vomowau's Food Boutique.
 17959 | D:13     | Noticed a seven-headed hydra
 17964 | D:13     | Noticed a tengu reaver
 17968 | D:13     | Killed a seven-headed hydra
 17968 | D:13     | Identified Sif Muna's Handbook of Confrontation and Translocation (Sif Muna gifted it to you on level 13 of the Dungeon)
 17968 | D:13     | Received a gift from Sif Muna
 17970 | D:13     | Killed a tengu reaver
 17980 | D:13     | Learned a level 6 spell: Conjure Ball Lightning
 17999 | D:13     | Reached skill level 12 in Spellcasting
 18017 | D:13     | HP: 3/69 [something (9)]
 18020 | D:13     | Slain by an unseen horror (shapeshifter)

Skill      XL: |  1  2  3  4  5  6  7  8  9 10 11 12 |
---------------+-------------------------------------+-----
Air Magic      | 4 5 6 8 9 10 11 | 11.5
Spellcasting   | 4 5 6 7 8 9 10 11 12 | 12.0
Fighting       | 1 2 3 4 5 |  5.9
Conjurations   | 2 3 4 6 7 |  7.9
Invocations    | 1 2 |  2.4
Armour         | 1 2 3 |  3.1
Evocations     | 1 2 4 6 |  6.8
Charms         | 3 6 7 |  7.7
Dodging        | 4 6 |  6.7
Poison Magic   | 1 2 |  2.5
Translocations | 1 |  1.9
Stealth        | |  2.4

Action                   |  1- 3 |  4- 6 |  7- 9 | 10-12 || total
-------------------------+-------+-------+-------+-------++-------
Melee: Spear             |     9 |       |     1 |       ||    10
       Whip              |       |       |    55 |    22 ||    77
       Staff             |       |       |       |    11 ||    11
 Cast: Shock             |    73 |   112 |   275 |   258 ||   718
       Swiftness         |       |     2 |     4 |     1 ||     7
       Airstrike         |       |     4 |    58 |   106 ||   168
       Lightning Bolt    |       |       |     1 |    89 ||    90
       Mephitic Cloud    |       |       |       |     1 ||     1
       Conjure Ball Ligh |       |       |       |     1 ||     1
Invok: Divine Energy     |       |       |     1 |       ||     1
Evoke: Wand              |       |       |       |     2 ||     2
  Use: Potion            |       |       |     5 |     4 ||     9
       Scroll            |       |       |     4 |    10 ||    14
 Stab: Distracted        |     1 |       |       |       ||     1
       Sleeping          |     1 |       |       |       ||     1
  Eat: Chunk             |     2 |     7 |    22 |    32 ||    63
       Fruit             |       |       |     1 |     2 ||     3
Armor: Robe              |     8 |     3 |    12 |    50 ||    73
Dodge: Dodged            |    17 |    16 |    73 |   119 ||   225
Block: Other             |       |       |       |    20 ||    20
       Reflection        |       |       |       |     1 ||     1
